[ AOE2 MATCH · #513597477 ]
UnrankedWu vs Romans
Player's team · LOSS
Rival team · WIN
[ REPLAY ANALYSIS · EXTRACTED FROM THE RECORDED GAME ]
Feudal
9:15
Castle
—
Imperial
—
| APM avg | 90.7 |
| APM peak | 112 |
| eAPM avg | 27.8 |
| Villagers / military | 38 / 10 |
Focus
⚔️ 33.4% · 🌾 66.6%
Archer ×5 · Militia ×4 · Spearman ×1
Feudal
8:51
Castle
—
Imperial
—
| APM avg | 85.8 |
| APM peak | 112 |
| eAPM avg | 43.1 |
| Villagers / military | 35 / 9 |
Focus
⚔️ 60.1% · 🌾 39.9%
Archer ×6 · Scout Cavalry ×3
Match map
Initial resources + every placement click. Lines = walls · curves = elevation contours. ◆ gold · ⬟ stone · ● berries · ✦ relic · ◌ wall gap
Your base· Open — unwalled flank
TAG_Sitaux's base· Open — 4t gap
Smoothed initial terrain · ◌ = detected wall gap · hover for details
Inputs per minute
— repard - - TAG_Sitaux
Build order — repard
98 actions detected in the replay
| 0:00 | Queue | Villager (Male) |
| 0:00 | Queue | Villager (Male) |
| 0:01 | Build | House |
| 0:02 | Build | House |
| 0:11 | Queue | Villager (Male) |
| 0:11 | Queue | Villager (Male) |
| 0:12 | Queue | Villager (Male) |
| 1:21 | Queue | Villager (Male) |
| 1:21 | Queue | Villager (Male) |
| 1:53 | Build | Lumber Camp |
| 1:57 | Queue | Villager (Male) |
| 2:07 | Queue | Villager (Male) |
| 2:40 | Queue | Villager (Male) |
| 2:40 | Queue | Villager (Male) |
| 2:56 | Queue | Villager (Male) |
| 3:11 | Build | House |
| 3:26 | Queue | Villager (Male) |
| 3:27 | Queue | Villager (Male) |
| 3:46 | Queue | Villager (Male) |
| 3:46 | Queue | Villager (Male) |
| 4:27 | Queue | Villager (Male) |
| 4:50 | Queue | Villager (Male) |
| 4:51 | Queue | Villager (Male) |
| 5:04 | Queue | Villager (Male) |
| 5:08 | Build | Barracks |
| 5:20 | Queue | Villager (Male) |
| 5:34 | Build | House |
| 5:35 | Build | Palisade Wall |
| 5:42 | Queue | Villager (Male) |
| 6:19 | Research | Loom |
| 6:39 | Research | Feudal Age |
| 6:58 | Build | Mining Camp |
| 7:09 | Queue | Militia |
| 7:10 | Queue | Militia |
| 7:13 | Build | House |
| 7:45 | Queue | Militia |
| 7:47 | Queue | Villager (Male) |
| 8:08 | Build | Mill |
| 8:12 | Build | Mill |
| 8:28 | Queue | Villager (Male) |
| 8:57 | Queue | Militia |
| 9:00 | Build | Palisade Wall |
| 9:01 | Build | Palisade Wall |
| 9:15 | Age | Feudal Age |
| 9:18 | Research | Man-at-Arms (upgrade) |
| 9:19 | Research | Double-Bit Axe |
| 9:43 | Queue | Villager (Male) |
| 9:44 | Queue | Villager (Male) |
| 9:48 | Build | Archery Range |
| 9:51 | Build | Palisade Wall |
| 9:51 | Build | Palisade Wall |
| 10:03 | Queue | Villager (Male) |
| 10:15 | Build | Farm |
| 10:32 | Queue | Spearman |
| 10:36 | Build | Palisade Wall |
| 10:37 | Build | Palisade Wall |
| 10:39 | Build | Palisade Wall |
| 10:44 | Build | Palisade Wall |
| 10:44 | Build | Palisade Wall |
| 10:46 | Queue | Archer |
| 10:47 | Build | Palisade Wall |
| 10:49 | Build | Palisade Wall |
| 10:52 | Build | Palisade Wall |
| 10:53 | Build | Palisade Wall |
| 10:56 | Queue | Villager (Male) |
| 10:57 | Build | House |
| 11:06 | Queue | Villager (Male) |
| 11:14 | Build | Farm |
| 11:16 | Build | Farm |
| 11:24 | Build | Farm |
| 11:40 | Queue | Villager (Male) |
| 11:46 | Queue | Archer |
| 12:06 | Queue | Villager (Male) |
| 12:11 | Build | Farm |
| 12:24 | Build | Farm |
| 12:24 | Build | Farm |
| 12:28 | Queue | Villager (Male) |
| 12:30 | Queue | Archer |
| 12:31 | Queue | Villager (Male) |
| 12:32 | Build | House |
| 12:33 | Build | Farm |
| 12:39 | Build | House |
| 12:40 | Build | House |
| 12:44 | Build | House |
| 12:56 | Build | Farm |
| 13:09 | Build | Palisade Wall |
| 13:10 | Queue | Villager (Male) |
| 13:17 | Build | Farm |
| 13:29 | Queue | Archer |
| 13:45 | Build | Palisade Wall |
| 13:45 | Build | Palisade Wall |
| 13:51 | Build | Palisade Wall |
| 13:52 | Build | Palisade Wall |
| 13:55 | Queue | Villager (Male) |
| 14:00 | Queue | Archer |
| 14:02 | Queue | Villager (Male) |
| 14:10 | Queue | Villager (Male) |
| 14:18 | Queue | Villager (Male) |
Build order — TAG_Sitaux
80 actions detected in the replay
| 0:00 | Queue | Villager (Male) |
| 0:01 | Build | House |
| 0:02 | Build | House |
| 0:03 | Build | House |
| 0:12 | Queue | Villager (Male) |
| 0:16 | Queue | Villager (Male) |
| 0:16 | Queue | Villager (Male) |
| 1:26 | Queue | Villager (Male) |
| 1:49 | Build | Lumber Camp |
| 1:58 | Queue | Villager (Male) |
| 2:21 | Queue | Villager (Male) |
| 2:37 | Queue | Villager (Male) |
| 3:12 | Queue | Villager (Male) |
| 3:27 | Queue | Villager (Male) |
| 3:46 | Queue | Villager (Male) |
| 3:46 | Queue | Villager (Male) |
| 3:50 | Build | House |
| 3:52 | Build | House |
| 4:04 | Queue | Villager (Male) |
| 4:26 | Queue | Villager (Male) |
| 4:26 | Queue | Villager (Male) |
| 4:50 | Build | Mill |
| 4:55 | Queue | Villager (Male) |
| 5:43 | Queue | Villager (Male) |
| 5:43 | Queue | Villager (Male) |
| 6:07 | Research | Loom |
| 6:41 | Research | Feudal Age |
| 7:03 | Build | Barracks |
| 7:14 | Build | Palisade Wall |
| 7:31 | Build | Palisade Wall |
| 8:13 | Queue | Villager (Male) |
| 8:51 | Age | Feudal Age |
| 8:53 | Build | Stable |
| 8:55 | Research | Double-Bit Axe |
| 8:55 | Research | Double-Bit Axe |
| 9:16 | Queue | Villager (Male) |
| 9:32 | Queue | Scout Cavalry |
| 9:41 | Queue | Villager (Male) |
| 9:48 | Queue | Scout Cavalry |
| 9:52 | Build | Archery Range |
| 9:57 | Queue | Villager (Male) |
| 9:59 | Build | Mining Camp |
| 10:00 | Build | Palisade Wall |
| 10:01 | Build | Palisade Wall |
| 10:02 | Build | Palisade Wall |
| 10:13 | Build | House |
| 10:15 | Queue | Villager (Male) |
| 10:18 | Queue | Scout Cavalry |
| 10:25 | Queue | Villager (Male) |
| 10:36 | Build | House |
| 10:48 | Queue | Archer |
| 10:53 | Queue | Villager (Male) |
| 10:54 | Queue | Villager (Male) |
| 11:04 | Build | Farm |
| 11:13 | Queue | Archer |
| 11:16 | Queue | Villager (Male) |
| 11:23 | Build | Farm |
| 11:25 | Build | Farm |
| 11:26 | Queue | Villager (Male) |
| 11:41 | Build | House |
| 11:48 | Queue | Villager (Male) |
| 11:57 | Queue | Archer |
| 12:11 | Build | Palisade Wall |
| 12:13 | Build | Palisade Wall |
| 12:17 | Queue | Villager (Male) |
| 12:28 | Build | Blacksmith |
| 12:31 | Queue | Villager (Male) |
| 12:33 | Queue | Archer |
| 12:56 | Build | Farm |
| 13:06 | Build | Farm |
| 13:07 | Queue | Villager (Male) |
| 13:09 | Build | House |
| 13:12 | Research | Fletching |
| 13:43 | Queue | Archer |
| 13:45 | Queue | Villager (Male) |
| 13:51 | Queue | Villager (Male) |
| 13:58 | Queue | Villager (Male) |
| 14:00 | Build | House |
| 14:01 | Build | House |
| 14:08 | Queue | Archer |
Match timeline
| 5:08 | repard · first_building Barracks |
| 5:35 | repard · wall_segment Palisade Wall x1 |
| 7:03 | TAG_Sitaux · first_building Barracks |
| 7:14 | TAG_Sitaux · wall_segment Palisade Wall x9 |
| 7:31 | TAG_Sitaux · wall_segment Palisade Wall x7 |
| 8:51 | TAG_Sitaux · age_up feudal |
| 8:53 | TAG_Sitaux · first_building Stable |
| 9:00 | repard · wall_segment Palisade Wall x1 |
| 9:01 | repard · wall_segment Palisade Wall x1 |
| 9:15 | repard · age_up feudal |
| 9:48 | repard · first_building Archery Range |
| 9:51 | repard · wall_segment Palisade Wall x1 |
| 9:51 | repard · wall_segment Palisade Wall x1 |
| 9:52 | TAG_Sitaux · first_building Archery Range |
| 10:00 | TAG_Sitaux · wall_segment Palisade Wall x1 |
| 10:01 | TAG_Sitaux · wall_segment Palisade Wall x1 |
| 10:02 | TAG_Sitaux · wall_segment Palisade Wall x1 |
| 10:36 | repard · wall_segment Palisade Wall x1 |
| 10:37 | repard · wall_segment Palisade Wall x1 |
| 10:39 | repard · wall_segment Palisade Wall x1 |
| 10:44 | repard · wall_segment Palisade Wall x1 |
| 10:44 | repard · wall_segment Palisade Wall x1 |
| 10:47 | repard · wall_segment Palisade Wall x1 |
| 10:49 | repard · wall_segment Palisade Wall x1 |
| 10:52 | repard · wall_segment Palisade Wall x1 |
| 10:53 | repard · wall_segment Palisade Wall x1 |
| 12:11 | TAG_Sitaux · wall_segment Palisade Wall x1 |
| 12:13 | TAG_Sitaux · wall_segment Palisade Wall x1 |
| 13:09 | repard · wall_segment Palisade Wall x5 |
| 13:45 | repard · wall_segment Palisade Wall x1 |
| 13:45 | repard · wall_segment Palisade Wall x1 |
| 13:51 | repard · wall_segment Palisade Wall x1 |
| 13:52 | repard · wall_segment Palisade Wall x1 |
| 14:19 | repard · resign |
[ AI ANALYSIS · 1 CREDIT ]
What really happened in this match?
Wolo.gg analyzes every decision: build order, eco, micro, common mistakes by bracket. Personalized analysis on WhatsApp or Discord in 30 seconds.
Civ guide
Wu
Perfil
Jugador #222528